[Event "Team 45 45 League T43"]
[Site "Internet Chess Club"]
[Date "2009.12.04"]
[Round "6"]
[White "SneakyRed"]
[Black "MeoPatacca"]
[Result "1-0"]
[WhiteElo "1837"]
[BlackElo "1865"]
[Opening "Scandinavian (center counter) defense"]
[ECO "B01"]
[Time "16:01:02"]
[TimeControl "2700+45"]

1. e4 d5 2. exd5 Qxd5 3. Nc3 Qe5+ 4. Be2 c6 5. d4 Qc7 6. Nf3 Bf5 7. Ne5 e6 8. g4
Bg6 9. h4 f6 10. Nxg6 hxg6 11. Be3 Bd6 12. Qd3 Ne7 13. O-O-O Nd7 14. Qe4 e5 15.
d5 O-O-O 16. dxc6 Qxc6 17. Qxc6+ Nxc6 18. Rxd6 {Black resigns} 1-0

[Event "Team 45 45 League T43"]
[Site "Internet Chess Club"]
[Date "2009.12.06"]
[Round "6"]
[White "Warpdrive"]
[Black "Karpyan"]
[Result "0-1"]
[WhiteElo "1617"]
[BlackElo "1830"]
[Opening "French: exchange variation"]
[ECO "C01"]
[Time "14:07:54"]
[TimeControl "2700+45"]

1. e4 e6 2. d4 d5 3. exd5 exd5 4. Nf3 Nc6 5. Be2 Bd6 6. Bg5 Nge7 7. Nc3 f6 8.
Bh4 Bg4 9. Nb5 Bf4 10. Bg3 Bxg3 11. hxg3 Qd7 12. Qd2 a6 13. Na3 O-O-O 14. c3 Kb8
15. Nc2 Nc8 16. Ne3 Be6 17. Qc2 h5 18. b4 Nd6 19. a4 a5 20. Rb1 Nf5 21. b5 Nxe3
22. fxe3 Ne7 23. c4 Nf5 24. Kf2 Qd6 25. Rh3 Nxe3 26. Kxe3 Bxh3 27. gxh3 Qxg3 28.
Rg1 Rhe8+ 29. Kd3 Qf2 30. Qd2 dxc4+ 31. Kxc4 Rxe2 32. Qf4 Rc2+ 33. Kd3 Qe2#
{White checkmated} 0-1

[Event "Team 45 45 League T43"]
[Site "Internet Chess Club"]
[Date "2009.12.05"]
[Round "6"]
[White "Duguesclin"]
[Black "ILRE"]
[Result "1-0"]
[WhiteElo "1682"]
[BlackElo "1569"]
[Opening "King's Indian: Four pawns attack, dynamic line"]
[ECO "E76"]
[Time "16:00:15"]
[TimeControl "2700+45"]

1. d4 Nf6 2. c4 g6 3. Nc3 Bg7 4. e4 d6 5. f4 O-O 6. Nf3 c5 7. d5 e6 8. Bd3 exd5
9. cxd5 Bg4 10. O-O Nbd7 11. h3 Bxf3 12. Qxf3 a6 13. a4 Re8 14. Be3 Rc8 15. Rae1
Qb6 16. Rf2 Qc7 17. Bc4 Nb6 18. Ba2 Nbd7 19. g4 Rb8 20. Rfe2 b5 21. axb5 axb5
22. Bd2 b4 23. Na4 Nb6 24. Nxb6 Qxb6 25. Bc4 Nd7 26. b3 Ra8 27. Qg3 Ra1 28. e5
Rxe1+ 29. Rxe1 dxe5 30. fxe5 Bxe5 31. Bf4 Bd4+ 32. Kg2 Rxe1 33. Qxe1 Nf6 34. Qe7
Qa5 35. Kg3 Qa2 36. Kh4 Qa1 37. d6 Bf2+ 38. Kg5 h6+ 39. Kxh6 Nxg4+ 40. Kg5 Nh6
41. Qe8+ Kh7 42. Bxf7 Qg1+ 43. Kf6 Bh4+ 44. Ke6 Qe1+ 45. Be5 Nxf7 46. Qxf7+ Kh6
47. Qf8+ Kg5 48. d7 Bg3 49. d8=Q+ Kh5 50. Qh8# {Black checkmated} 1-0

[Event "Team 45 45 League T43"]
[Site "Internet Chess Club"]
[Date "2009.12.06"]
[Round "6"]
[White "xt"]
[Black "bondguy01"]
[Result "0-1"]
[WhiteElo "1469"]
[BlackElo "1706"]
[Opening "French: exchange variation"]
[ECO "C01"]
[Time "19:17:30"]
[TimeControl "2700+45"]

1. e4 e6 2. d4 d5 3. exd5 exd5 4. Nf3 Nc6 5. Bb5 Bd6 6. Nc3 Ne7 7. Qe2 O-O 8.
O-O Bg4 9. h3 Nxd4 10. Qe3 Nxf3+ 11. gxf3 Bxh3 12. Re1 c6 13. Bf1 Bxf1 14. Kxf1
Nf5 15. Qd3 Qd7 16. Bd2 Rae8 17. Ne2 Re7 18. Bg5 Nd4 19. Ng3 Qh3+ 20. Kg1 Rxe1+
21. Rxe1 Bxg3 22. Qxd4 Bh2+ {White resigns} 0-1

[Event "Team 45 45 League T43"]
[Site "Internet Chess Club"]
[Date "2009.12.03"]
[Round "6"]
[White "charles-allen"]
[Black "Magagna"]
[Result "1-0"]
[WhiteElo "1867"]
[BlackElo "1770"]
[Opening "Four knights: Scotch variation"]
[ECO "C47"]
[Time "19:42:27"]
[TimeControl "2700+45"]

1. e4 e5 2. Nc3 Nf6 3. Nf3 Nc6 4. d4 Bb4 5. d5 Nb8 6. Bd2 d6 7. Bd3 Nbd7 8. Qe2
a6 9. O-O-O Nc5 10. h3 O-O 11. g4 Bd7 12. g5 Bxc3 13. Bxc3 Nh5 14. Bd2 Nxd3+ 15.
Qxd3 f5 16. exf5 Bxf5 17. Qe2 Qe8 18. Ne1 Qf7 19. c4 Bg6 20. Nd3 b5 21. b3 bxc4
22. bxc4 Rab8 23. Be3 Be4 24. Rhf1 Bf3 25. Qd2 Bxd1 26. Rxd1 Qf3 27. Nb4 Nf4 28.
Nc6 Ne2+ 29. Kc2 Qf5+ 30. Qd3 Qxd3+ 31. Rxd3 Rbe8 32. Ra3 Nd4+ 33. Nxd4 exd4 34.
Bxd4 Re2+ 35. Kd1 Re4 36. Be3 Rxc4 37. Rxa6 Rf5 38. Ra5 c6 39. Ra8+ Kf7 40. a4
Rxd5+ 41. Ke2 Rh4 42. a5 Ra4 43. a6 Rda5 44. Ra7+ Kg6 45. Rd7 Rd5 46. a7 c5 47.
h4 Ra2+ 48. Kf3 Rd3 49. Kg4 h5+ 50. gxh6 gxh6 51. h5+ Kf6 52. Bxc5 Ra4+ 53. f4
dxc5 54. Rxd3 Rxa7 55. Rd6+ Kg7 56. Rc6 Ra5 57. Kf5 c4+ 58. Ke6 Rxh5 59. f5 Rh1
60. Rc7+ Kg8 61. Rxc4 h5 62. Rc8+ Kh7 63. f6 h4 64. f7 Re1+ 65. Kd5 Rd1+ 66. Ke4
{Black resigns} 1-0

[Event "Team 45 45 League T43"]
[Site "Internet Chess Club"]
[Date "2009.12.06"]
[Round "6"]
[White "Kravier"]
[Black "toolate"]
[Result "0-1"]
[WhiteElo "1646"]
[BlackElo "1811"]
[Opening "King's knight's gambit"]
[ECO "C34"]
[Time "07:10:57"]
[TimeControl "2700+45"]

1. e4 e5 2. f4 exf4 3. Nf3 Nc6 4. Bc4 f6 5. d3 Bd6 6. O-O Ne5 7. Bxf4 Nxc4 8.
Nd4 Ne5 9. Nf5 g6 10. Nxd6+ cxd6 11. d4 Qb6 12. b3 Ne7 13. Kh1 Nf7 14. d5 O-O
15. Nd2 Ne5 16. c4 Qd4 17. Bh6 Rf7 18. Qc2 Ng4 19. Nf3 Qb6 20. Bc1 Ne3 21. Bxe3
Qxe3 22. Rae1 Qh6 23. Qc3 f5 24. e5 dxe5 25. Nxe5 Qg7 26. Qe3 Rf8 27. d6 Nc6 28.
Nd3 b6 29. Nf4 Bb7 30. Nd5 Kh8 31. b4 Nd4 32. Rf2 Bxd5 33. cxd5 Rac8 34. Qd3
Rce8 35. Re7 Qf6 36. Rxd7 Re1+ 37. Rf1 Rfe8 38. Kg1 Nc2 39. Qxc2 Qd4+ 40. Qf2
Rxf1+ 41. Kxf1 Qd1+ {White resigns} 0-1

[Event "Team 45 45 League T43"]
[Site "Internet Chess Club"]
[Date "2009.12.07"]
[Round "6"]
[White "MidasMulligan"]
[Black "jacknor"]
[Result "1-0"]
[WhiteElo "1706"]
[BlackElo "1523"]
[Opening "King's Indian: Four pawns attack"]
[ECO "A68"]
[Time "18:02:09"]
[TimeControl "2700+45"]

1. d4 Nf6 2. c4 g6 3. Nc3 Bg7 4. e4 d6 5. f4 c5 6. d5 e6 7. Nf3 O-O 8. Be2 exd5
9. cxd5 Bg4 10. e5 dxe5 11. fxe5 Nxd5 12. Qxd5 Qxd5 13. Nxd5 Nc6 14. Bf4 Bxf3
15. Bxf3 Nxe5 16. O-O Rad8 17. Nc3 Nxf3+ 18. Rxf3 a6 19. Re1 b5 20. b3 c4 21.
bxc4 bxc4 22. Re4 Rc8 23. Be5 f6 24. Bd4 Rfd8 25. Bxf6 Bxf6 26. Rxf6 Rd3 27. Rf3
{Black resigns} 1-0

[Event "Team 45 45 League T43"]
[Site "Internet Chess Club"]
[Date "2009.12.08"]
[Round "6"]
[White "Ernie1"]
[Black "Portola"]
[Result "1-0"]
[WhiteElo "1640"]
[BlackElo "1764"]
[Opening "Dutch"]
[ECO "A80"]
[Time "22:31:24"]
[TimeControl "2700+45"]

1. d4 f5 2. Nc3 e6 3. e4 fxe4 4. Nxe4 Nf6 5. Bg5 Be7 6. Bxf6 Bxf6 7. Qh5+ Kf8 8.
Nf3 h6 9. h4 Qe8 10. Qc5+ Be7 11. Qxc7 Na6 12. Qf4+ Kg8 13. Rh3 Nb4 14. Kd1 Nd5
15. Qe5 Bf6 16. Nxf6+ Nxf6 17. Bd3 b6 18. Rg3 Qf8 19. h5 d6 20. Qe2 Nxh5 21. Rg4
Nf4 22. Qe4 Nxd3 23. cxd3 Bd7 24. Rf4 Qe8 25. Rc1 Rc8 26. Nh4 Rxc1+ 27. Kxc1 d5
28. Qf3 Qc8+ 29. Kb1 Qe8 30. Qg3 Rh7 31. Ng6 Bc8 32. Qf3 Qxg6 33. Rf8# {Black
checkmated} 1-0

[Event "Team 45 45 League T43"]
[Site "Internet Chess Club"]
[Date "2009.12.08"]
[Round "6"]
[White "eurander"]
[Black "chsrules88"]
[Result "1/2-1/2"]
[WhiteElo "2207"]
[BlackElo "2035"]
[Opening "Ruy Lopez: Schliemann defense"]
[ECO "C63"]
[Time "13:01:29"]
[TimeControl "2700+45"]

1. e4 e5 2. Nf3 Nc6 3. Bb5 f5 4. Qe2 Qe7 5. Nc3 fxe4 6. Bxc6 bxc6 7. Qxe4 d5 8.
Qxe5 Bg4 9. Qxe7+ Bxe7 10. Ne5 Bd7 11. d3 Bd6 12. Nxd7 Kxd7 13. Be3 Nf6 14. h3
c5 15. Bg5 Rhe8+ 16. Kd2 c6 17. Bxf6 gxf6 18. Rae1 f5 19. Rxe8 Rxe8 20. Re1 Rg8
21. g3 h5 22. Rg1 Be5 23. b3 f4 24. g4 f3 25. Nb1 Bh2 26. Rh1 Bf4+ 27. Kd1 hxg4
28. hxg4 Rxg4 29. Nd2 Rg2 30. Rf1 Bxd2 31. Kxd2 d4 32. Ke1 Rg7 33. Rh1 Re7+ 34.
Kd1 Re2 35. Rh7+ Ke6 36. Rxa7 Rxf2 37. Ra8 Rf1+ 38. Kd2 Kf5 39. Rf8+ Kg4 40. a4
Kg3 41. Rg8+ Kf2 42. a5 Ra1 43. Ra8 Kf1 44. a6 f2 45. a7 Kg2 46. Rg8+ Kh3 47.
Rf8 Kg2 48. Rg8+ {Game drawn by mutual agreement} 1/2-1/2

[Event "Team 45 45 League T43"]
[Site "Internet Chess Club"]
[Date "2009.12.06"]
[Round "6"]
[White "DeLaSalle"]
[Black "pestka"]
[Result "1/2-1/2"]
[WhiteElo "2023"]
[BlackElo "2250"]
[Opening "Blackmar gambit"]
[ECO "D00"]
[Time "15:04:15"]
[TimeControl "2700+45"]

1. d4 d5 2. e4 dxe4 3. Nc3 Nf6 4. f3 exf3 5. Nxf3 Bg4 6. h3 Bxf3 7. Qxf3 c6 8.
Qf2 Nbd7 9. g4 e5 10. g5 Nd5 11. Nxd5 cxd5 12. Bg2 Be7 13. O-O O-O 14. dxe5 Bc5
15. Be3 d4 16. Bxd4 Bxd4 17. Qxd4 {Game drawn by mutual agreement} 1/2-1/2

[Event "Team 45 45 League T43"]
[Site "Internet Chess Club"]
[Date "2009.12.03"]
[Round "6"]
[White "awb"]
[Black "mcplayerus"]
[Result "0-1"]
[WhiteElo "1761"]
[BlackElo "2072"]
[Opening "Queen's pawn: stonewall attack"]
[ECO "D00"]
[Time "17:00:15"]
[TimeControl "2700+45"]

1. d4 d5 2. e3 Nf6 3. Bd3 e6 4. f4 Be7 5. Nf3 O-O 6. c3 b6 7. Nbd2 c5 8. Ne5 Qc7
9. O-O Ba6 10. Ndf3 Qb7 11. g4 Ne4 12. Qe2 Bxd3 13. Nxd3 Nc6 14. Nf2 Nxf2 15.
Qxf2 Qa6 16. g5 Qd3 17. h4 f6 18. Nh2 fxg5 19. hxg5 Bxg5 20. Qg2 Bh6 21. Ng4 Qg6
22. Rf3 Ne7 23. Bd2 Nf5 24. Rh3 Kh8 25. Kf2 Nd6 26. Rg1 Ne4+ 27. Ke2 cxd4 28.
Nxh6 d3+ 29. Kd1 Qxg2 30. Rxg2 gxh6 31. Rh1 Rg8 32. Rhg1 Rxg2 33. Rxg2 Rg8 34.
Rxg8+ Kxg8 35. Be1 b5 36. Bh4 Kf7 {White resigns} 0-1

[Event "Team 45 45 League T43"]
[Site "Internet Chess Club"]
[Date "2009.12.05"]
[Round "6"]
[White "AronT"]
[Black "vollmerj"]
[Result "1-0"]
[WhiteElo "2006"]
[BlackElo "1731"]
[Opening "Benkö gambit half accepted"]
[ECO "A57"]
[Time "07:09:00"]
[TimeControl "2700+45"]

1. d4 Nf6 2. c4 c5 3. d5 b5 4. cxb5 a6 5. b6 Qxb6 6. Nc3 d6 7. e4 g6 8. Be2 Bg7
9. Nf3 O-O 10. Nd2 Nbd7 11. Nc4 Qc7 12. O-O Nb6 13. Ne3 Nfd7 14. Rb1 a5 15. Nb5
Qd8 16. b3 a4 17. Bb2 axb3 18. axb3 Bxb2 19. Rxb2 Ba6 20. Nc3 Bxe2 21. Qxe2 Ne5
22. Nc4 Nbxc4 23. bxc4 Qa5 24. Rc1 Rfb8 25. Rxb8+ Rxb8 26. f4 Nd7 27. e5 Rb3 28.
Nb5 dxe5 29. fxe5 Qb4 30. e6 Nf6 31. d6 Rb1 32. exf7+ Kg7 33. f8=Q+ Kxf8 34.
Qxe7+ Kg8 35. Qe6+ Kg7 36. Rf1 Rxf1+ 37. Kxf1 Qb1+ 38. Qe1 Qd3+ 39. Kg1 Kh6 40.
Qc1+ Kg7 41. Qc3 Qd1+ 42. Kf2 Kf7 43. Qf3 Qd2+ 44. Kg1 Qe1+ 45. Qf1 Qe3+ 46. Kh1
Kg7 47. Qa1 Qd3 48. h3 Kf7 49. Qc1 Ne4 50. Qf4+ Nf6 51. Nc7 Qe4 52. Qd2 Qd4 53.
Qxd4 cxd4 54. Nb5 d3 55. Nc3 Ke6 56. c5 d2 57. Kg1 d1=Q+ 58. Nxd1 Kd5 59. Nc3+
Kxc5 60. Ne4+ Nxe4 61. d7 Ng3 {Black resigns} 1-0

[Event "Team 45 45 League T43"]
[Site "Internet Chess Club"]
[Date "2009.12.05"]
[Round "6"]
[White "Mentalist"]
[Black "vazir"]
[Result "0-1"]
[WhiteElo "2038"]
[BlackElo "1950"]
[Opening "English, Nimzovich variation"]
[ECO "A20"]
[Time "14:00:22"]
[TimeControl "2700+45"]

1. c4 e5 2. Nf3 Nc6 3. d4 exd4 4. Nxd4 Bc5 5. Be3 Qf6 6. Nc2 Bxe3 7. Nxe3 Qxb2
8. Nd2 Nf6 9. g3 Qb4 10. Bg2 O-O 11. O-O Re8 12. Qc2 Nd4 13. Qd3 Qc3 14. Ne4
Nxe4 15. Bxe4 Nxe2+ 16. Qxe2 Rxe4 17. Rac1 Qf6 18. Qd3 Qd4 19. Qb1 d6 20. Rfd1
Qe5 21. f4 Qe8 22. Nd5 Bf5 23. Qxb7 Re2 24. Qxc7 Qe4 25. Ne7+ Qxe7 26. Qxe7 Rxe7
27. Rxd6 g6 28. c5 Rc8 29. Kf2 Rec7 30. c6 Be4 31. Rd7 Bxc6 32. Rxc7 Rxc7 33.
Ke3 Re7+ 34. Kd4 {White resigns} 0-1

[Event "Team 45 45 League T43"]
[Site "Internet Chess Club"]
[Date "2009.12.04"]
[Round "6"]
[White "vasek"]
[Black "pebble767"]
[Result "0-1"]
[WhiteElo "1964"]
[BlackElo "2053"]
[Opening "Ruy Lopez: open (Tarrasch) defense"]
[ECO "C80"]
[Time "19:30:54"]
[TimeControl "2700+45"]

1. e4 e5 2. Nf3 Nc6 3. Bb5 a6 4. Ba4 Nf6 5. O-O Nxe4 6. Re1 Nc5 7. Nxe5 Be7 8.
Bxc6 dxc6 9. d4 Ne6 10. c3 O-O 11. Nd2 c5 12. dxc5 Bxc5 13. Ne4 Ba7 14. Qb3 Qh4
15. Nf3 Qg4 16. h3 Qh5 17. Ng3 Qg6 18. Ne4 Nc5 19. Nxc5 Bxc5 20. Be3 Bd6 21. Kh1
Qh5 22. Ng1 g5 23. Qd5 h6 24. f4 Be6 25. Qf3 Qxf3 26. Nxf3 gxf4 27. Bd2 Kh7 28.
Nd4 Rae8 29. Rf1 c5 30. Nc2 Bf5 31. Ne1 f3 32. Nxf3 Re2 33. Rae1 Rfe8 34. Rxe2
Rxe2 35. Re1 Rxe1+ 36. Nxe1 b5 37. Nf3 h5 38. Kg1 b4 39. a3 bxa3 40. bxa3 c4 41.
Bc1 Bg3 42. Kf1 Bd3+ 43. Kg1 Kg6 44. Be3 Bd6 45. Bc1 Kf5 46. Kf2 Bb1 47. Ke2
Bd3+ 48. Kf2 f6 49. Nd4+ Ke4 50. Nf3 Bc5+ 51. Ke1 Bc2 52. Kd2 Bb1 53. Ke2 Bd3+
54. Ke1 Bc2 55. Kd2 Ba4 56. Ke2 Bd6 57. Ne1 Be5 58. Bd2 Bd6 59. Bc1 f5 60. Nf3
Bc2 61. Kd2 Bd3 62. Kd1 Bg3 63. Nd2+ Kd5 64. Bb2 Bf2 65. Bc1 Kc5 66. Bb2 Kb5 67.
Bc1 Ka4 68. Bb2 Bc5 69. Ke1 Bxa3 70. Bxa3 Kxa3 71. Nf3 Kb2 72. Kd2 a5 73. Nd4 a4
74. Nb5 a3 75. Nxa3 Kxa3 76. g3 Bf1 77. h4 Kb3 {White resigns} 0-1

[Event "Team 45 45 League T43"]
[Site "Internet Chess Club"]
[Date "2009.12.07"]
[Round "6"]
[White "Chessrascal"]
[Black "avila"]
[Result "1-0"]
[WhiteElo "2103"]
[BlackElo "1774"]
[Opening "French: Labourdonnais variation"]
[ECO "C00"]
[Time "19:00:08"]
[TimeControl "2700+45"]

1. e4 e6 2. f4 b6 3. Nf3 Bb7 4. Nc3 Nf6 5. e5 Nd5 6. Nxd5 Bxd5 7. d4 c5 8. c4
Bb7 9. d5 exd5 10. cxd5 g6 11. Bc4 Bg7 12. O-O O-O 13. Ng5 Ba6 14. Qd3 Bxc4 15.
Qxc4 h6 16. Ne4 f5 17. Nd6 a6 18. Be3 a5 19. Rad1 Na6 20. Rfe1 Kh7 21. e6 Bf6
22. Bf2 Qe7 23. Nxf5 gxf5 24. d6 Qg7 25. e7 Rfc8 26. Rd3 Qg8 27. Qb5 Rc6 28. Rg3
Qe8 29. Qd3 Qh5 30. e8=Q Rxe8 31. Rxe8 Bd4 32. Re7+ Kh8 33. Bxd4+ {Black
resigns} 1-0

[Event "Team 45 45 League T43"]
[Site "Internet Chess Club"]
[Date "2009.12.07"]
[Round "6"]
[White "soccerisfun"]
[Black "Dan777"]
[Result "0-1"]
[WhiteElo "1512"]
[BlackElo "1869"]
[Opening "Scandinavian (center counter) defense"]
[ECO "B01"]
[Time "19:11:53"]
[TimeControl "2700+45"]

1. e4 d5 2. exd5 Qxd5 3. Nc3 Qa5 4. d4 c6 5. Nf3 Nf6 6. Bf4 Bg4 7. h3 Bh5 8. Be2
Nbd7 9. Qd2 e6 10. O-O Be7 11. Nh2 Bxe2 12. Qxe2 O-O 13. Rad1 Nd5 14. Nxd5 cxd5
15. a3 Rfc8 16. Nf3 b5 17. Rd3 Qb6 18. Ne5 Nf6 19. Rb3 Qxd4 20. g3 a6 21. Rd1
Qe4 22. Qxe4 Nxe4 23. f3 Nc5 24. Re3 Na4 25. b3 Nb6 26. Re2 Bxa3 27. Be3 Bc5 28.
Bxc5 Rxc5 29. b4 Rc3 30. Ra1 Nc4 31. Nxc4 Rxc4 32. Rb1 Rac8 33. Rb2 Rc3 34. Kg2
Ra3 35. h4 Rcc3 36. Rf2 e5 37. g4 e4 38. fxe4 Rg3+ 39. Kf1 dxe4 40. Rd2 Ra1+ 41.
Kf2 e3+ 42. Kxg3 exd2 43. c4 d1=Q 44. cxb5 Ra3+ 45. Kg2 Qxg4+ 46. Kf2 Qd4+
{White resigns} 0-1

[Event "Team 45 45 League T43"]
[Site "Internet Chess Club"]
[Date "2009.12.07"]
[Round "6"]
[White "Uwak"]
[Black "eurander"]
[Result "1-0"]
[WhiteElo "2395"]
[BlackElo "2215"]
[Opening "Caro-Kann: advance variation"]
[ECO "B12"]
[Time "02:30:12"]
[TimeControl "2700+45"]

1. e4 c6 2. d4 d5 3. e5 c5 4. dxc5 e6 5. Bd3 Nc6 6. Nf3 Bxc5 7. O-O Qc7 8. Re1
Nge7 9. c3 Ng6 10. Qe2 a6 11. h4 b5 12. h5 Nge7 13. b4 Bb6 14. a4 bxa4 15. Rxa4
a5 16. Na3 Na7 17. bxa5 Bxa5 18. Nb5 Nxb5 19. Bxb5+ Bd7 20. Ba3 Ra7 21. Bd6 Qd8
22. Rea1 Qb6 23. Rb1 Nc6 24. Qa2 Rb7 25. Nd4 Kd8 26. Bd3 Nb4 27. Raxb4 Bxb4 28.
Rxb4 {Black resigns} 1-0

[Event "Team 45 45 League T43"]
[Site "Internet Chess Club"]
[Date "2009.12.06"]
[Round "6"]
[White "NFork"]
[Black "spacecadet"]
[Result "0-1"]
[WhiteElo "2202"]
[BlackElo "2130"]
[Opening "Sicilian: Pelikan, Chelyabinsk variation"]
[ECO "B33"]
[Time "15:09:39"]
[TimeControl "2700+45"]

1. e4 c5 2. Nf3 Nc6 3. d4 cxd4 4. Nxd4 Nf6 5. Nc3 e5 6. Ndb5 d6 7. Bg5 a6 8. Na3
b5 9. Nd5 Be7 10. Bxf6 Bxf6 11. Nb1 Rb8 12. g3 Be6 13. Bg2 Bxd5 14. exd5 Na5 15.
Nd2 Bg5 16. Ne4 O-O 17. Nxg5 Qxg5 18. b3 f5 19. Qd2 Qxd2+ 20. Kxd2 Nb7 21. b4
Rfc8 22. c3 Nd8 23. a4 e4 24. g4 fxg4 25. Bxe4 Rc4 26. Bd3 Rf4 27. axb5 axb5 28.
Rhe1 Rxf2+ 29. Re2 Rxe2+ 30. Bxe2 h5 31. Ra5 Kf7 32. Bxb5 Kf6 33. c4 Ke5 34. Ke3
Rb7 35. Ra8 Nf7 36. Re8+ Kf6 37. Re6+ Kf5 38. Kd4 h4 39. Ba4 Rxb4 40. Bc2+ Kf4
41. Re4+ Kg5 42. Kc3 Rb7 43. Bd1 Ne5 44. c5 Rb5 45. Rxe5+ dxe5 46. Kc4 Rb1 47.
Be2 Rc1+ 48. Kb5 g3 49. hxg3 hxg3 50. Bf3 Kf4 51. Bg2 Rc2 52. d6 Rxg2 53. c6
Rb2+ 54. Kc4 g2 {White resigns} 0-1

[Event "Team 45 45 League T43"]
[Site "Internet Chess Club"]
[Date "2009.12.06"]
[Round "6"]
[White "nardz"]
[Black "pentti63"]
[Result "1-0"]
[WhiteElo "2117"]
[BlackElo "2216"]
[Opening "Queen's pawn: Torre attack"]
[ECO "A45"]
[Time "09:13:32"]
[TimeControl "2700+45"]

1. d4 Nf6 2. Bg5 e6 3. Nf3 h6 4. Bh4 d6 5. e3 g5 6. Bg3 Nbd7 7. Be2 Bg7 8. c4
Ne4 9. Nfd2 Nxg3 10. hxg3 c5 11. Nb3 O-O 12. Nc3 a6 13. Qc2 Rb8 14. O-O-O cxd4
15. Nxd4 Qe7 16. f4 Rd8 17. g4 Nf8 18. fxg5 Qxg5 19. Qd3 Ng6 20. Rh5 Ne5 21. Qe4
Qg6 22. Qf4 Bd7 23. g5 Nxc4 24. gxh6 e5 25. Qh2 exd4 26. Nd5 Bf8 27. Qh4 Rbc8
28. Rg5 Ne5+ 29. Kd2 dxe3+ 30. Ke1 Kh7 31. Rxg6 fxg6 32. Nf6+ Kh8 33. Ne4 Bf5
34. Qf6+ Kh7 35. Nxd6 Rxd6 36. Rxd6 Nd3+ 37. Bxd3 {Black resigns} 1-0

[Event "Team 45 45 League T43"]
[Site "Internet Chess Club"]
[Date "2009.12.06"]
[Round "6"]
[White "Gil-galad"]
[Black "Gwyddbwyll"]
[Result "1-0"]
[WhiteElo "2108"]
[BlackElo "1892"]
[Opening "QGD: Tarrasch, von Hennig-Schara gambit"]
[ECO "D32"]
[Time "05:06:42"]
[TimeControl "2700+45"]

1. d4 d5 2. c4 e6 3. Nc3 c5 4. cxd5 cxd4 5. Qa4+ Bd7 6. Qxd4 exd5 7. Qxd5 Nc6 8.
Nf3 Nf6 9. Qd1 Bc5 10. e3 Qe7 11. Be2 O-O-O 12. O-O g5 13. b4 g4 14. Nd4 Nxd4
15. exd4 Bxb4 16. Bg5 Bxc3 17. Rc1 Kb8 18. Rxc3 Qd6 19. Bh4 Ka8 20. Bg3 Qd5 21.
Be5 Ne4 22. Rc7 Bc6 23. Rxc6 Qxc6 24. Bxh8 Rxh8 25. Bxg4 Qc4 26. Bf3 Ng5 27. Qe2
Nxf3+ 28. Qxf3 Qxa2 29. d5 Rf8 30. Rd1 Qa4 31. g3 Qd7 32. d6 a6 33. Qe4 f5 34.
Qe7 Rd8 35. Qf6 b5 36. Qd4 Kb7 37. Qd5+ Qc6 38. Qxf5 Rxd6 39. Qxh7+ Kb6 40. Re1
b4 41. Qf7 a5 42. h4 {Black forfeits on time} 1-0

[Event "Team 45 45 League T43"]
[Site "Internet Chess Club"]
[Date "2009.12.05"]
[Round "6"]
[White "freestyle"]
[Black "ChatBanned"]
[Result "1/2-1/2"]
[WhiteElo "2270"]
[BlackElo "2300"]
[Opening "Sicilian defense"]
[ECO "B41"]
[Time "21:05:11"]
[TimeControl "2700+45"]

1. e4 c5 2. Nf3 e6 3. d4 cxd4 4. Nxd4 Qb6 5. Nc3 Bc5 6. Na4 Qa5+ 7. c3 Bxd4 8.
Qxd4 Nf6 9. Nc5 Qc7 10. f3 b6 11. Nb3 Nc6 12. Qf2 d5 13. Bg5 dxe4 14. O-O-O Qe5
15. f4 Qc7 16. Bb5 O-O 17. Rhe1 e3 18. Qf3 Nd5 19. Nd4 Nxd4 20. Rxd4 Bb7 21. Qg3
f6 22. Bh4 Qc5 23. Bd3 Rac8 24. Kb1 Rf7 25. Be4 Qa5 26. c4 Nb4 27. a3 Bxe4+ 28.
Rxe4 Nd3 29. R1xe3 Nxb2 30. Kxb2 Qd2+ 31. Kb3 b5 32. Rc3 f5 33. Rc2 Qd1 34. Re1
bxc4+ 35. Kc3 Qd6 36. Kb2 Rb8+ 37. Kc1 Rb3 38. Re3 Qxa3+ 39. Kd2 Rd7+ 40. Ke2
Rdd3 41. Rf3 Rb2 42. Rxd3 Rxc2+ 43. Rd2 Rxd2+ 44. Kxd2 Qb2+ 45. Ke1 Qc1+ 46. Ke2
Qc2+ 47. Ke1 Qc1+ 48. Ke2 Qc2+ 49. Ke1 Qe4+ 50. Kd2 Kf7 51. Qf3 Qd4+ 52. Kc2 a5
53. Qd1 Qe4+ 54. Kc3 Qe3+ 55. Kc2 Qb3+ 56. Kc1 Qa3+ 57. Kb1 Qb4+ 58. Kc1 Qa3+
59. Kb1 Qb4+ 60. Kc1 {Game drawn by mutual agreement} 1/2-1/2

[Event "Team 45 45 League T43"]
[Site "Internet Chess Club"]
[Date "2009.12.05"]
[Round "6"]
[White "TimM"]
[Black "egyptiantiger"]
[Result "1-0"]
[WhiteElo "2271"]
[BlackElo "2144"]
[Opening "Sicilian: Najdorf, Lipnitzky attack"]
[ECO "B86"]
[Time "16:16:51"]
[TimeControl "2700+45"]

1. e4 c5 2. Nf3 d6 3. d4 cxd4 4. Nxd4 Nf6 5. Nc3 a6 6. Bc4 e6 7. Bb3 Be7 8. g4
h6 9. Be3 b5 10. f3 Qc7 11. Qd2 Nc6 12. O-O-O Ne5 13. h4 Nc4 14. Bxc4 Qxc4 15.
g5 b4 16. Nb1 Nd7 17. b3 Qc7 18. gxh6 gxh6 19. Bxh6 Nc5 20. Bg5 f6 21. Be3 e5
22. Nf5 Bxf5 23. exf5 Rc8 24. Kb2 a5 25. Bxc5 dxc5 26. Qg2 Rf8 27. Nd2 a4 28.
Nc4 a3+ 29. Kb1 Rd8 30. h5 Rd4 31. Rxd4 cxd4 32. h6 Kd7 33. h7 Rh8 34. Qg7 Qd8
35. Nxe5+ fxe5 36. f6 Qf8 37. Qxe7+ Qxe7 38. fxe7 Kxe7 39. Kc1 Kf6 40. Kd2 Kf5
41. Kd3 Kf4 42. Rh3 Kf5 43. Kc4 Kg6 44. Kxb4 Kg7 45. Kxa3 Ra8+ 46. Kb2 Kh8 47.
a4 Rc8 48. Rh5 Rc5 49. f4 Rc3 50. fxe5 Re3 51. a5 Re2 52. Kc1 Re1+ 53. Kd2 Ra1
54. e6 {Black resigns} 1-0

[Event "Team 45 45 League T43"]
[Site "Internet Chess Club"]
[Date "2009.12.08"]
[Round "6"]
[White "Zornorph"]
[Black "Oops"]
[Result "0-1"]
[WhiteElo "2085"]
[BlackElo "2100"]
[Opening "Queen's pawn game"]
[ECO "D04"]
[Time "15:00:14"]
[TimeControl "2700+45"]

1. d4 d5 2. Nf3 Nf6 3. e3 Bf5 4. Bd3 Bxd3 5. Qxd3 c6 6. O-O Nbd7 7. Nbd2 e6 8.
Re1 Bd6 9. e4 dxe4 10. Nxe4 Nxe4 11. Rxe4 Nf6 12. Rh4 h6 13. Bd2 Qc7 14. Ne5
O-O-O 15. f4 g5 16. Rh3 Nd5 17. fxg5 Bxe5 18. dxe5 Nf4 19. Qxd8+ Qxd8 20. Bxf4
hxg5 21. Rxh8 Qxh8 22. Bg3 Kd7 23. Rd1+ Ke7 24. h3 Qh7 25. Rd2 Qe4 26. Rf2 a5
27. a3 b5 28. c3 c5 29. Kh2 Kf8 30. Kg1 Qb1+ 31. Kh2 Qd1 32. Rf6 Qb3 33. Rf2 a4
34. Kg1 b4 35. h4 bxa3 36. bxa3 Qxc3 37. Rf3 Qa1+ 38. Kh2 gxh4 39. Bf4 c4 40.
Re3 Qd4 41. Bg5 c3 42. Re1 Kg8 43. Kh3 c2 44. Rc1 Qxe5 45. Bxh4 Qe3+ {White
resigns} 0-1

[Event "Team 45 45 League T43"]
[Site "Internet Chess Club"]
[Date "2009.12.11"]
[Round "6"]
[White "noHz"]
[Black "Monsoon-Smith"]
[Result "1-0"]
[WhiteElo "2116"]
[BlackElo "1993"]
[Opening "Benkö gambit half accepted"]
[ECO "A57"]
[Time "13:09:51"]
[TimeControl "2700+45"]

1. d4 Nf6 2. c4 c5 3. d5 b5 4. cxb5 a6 5. b6 d6 6. Nc3 g6 7. e4 Bg7 8. Nf3 O-O
9. Be2 Nbd7 10. h3 Nxb6 11. O-O Re8 12. Bf4 Qd7 13. a4 Qb7 14. a5 Nbd7 15. Qd2
Rb8 16. Rfb1 Qc7 17. Bh2 Rb4 18. Bd3 h6 19. Re1 Nh7 20. Bf4 g5 21. Bh2 Nhf8 22.
Rf1 Ng6 23. Ne1 c4 24. Bb1 Nc5 25. Ra2 Nb3 26. Qc2 Bd7 27. Kh1 Reb8 28. f4 gxf4
29. Bxf4 Nxf4 30. Rxf4 Be5 31. Rf1 Qc8 32. Qf2 Qf8 33. Nf3 Bf6 34. e5 dxe5 35.
Ne4 Qg7 36. Ng3 Be8 37. Nh5 Qh8 38. Nh2 Nd4 39. Qg3+ Kf8 40. Nxf6 exf6 41. Ng4
Rxb2 42. Rxb2 Rxb2 43. Qa3+ {Black resigns} 1-0